 Dungeon Crawl Stone Soup version 0.31-a0-1-g4198be8af4 (webtiles) character file.

Game seed: 3848942734215969650

256 erloom the Trooper (level 5, 0/50 HPs)
             Began as a Minotaur Fighter on May 2, 2023.
             Was an Initiate of Okawaru.
             Slain by a sky beast (5 damage)
             ... on level 4 of the Dungeon.
             The game lasted 00:02:55 (2110 turns).

erloom the Trooper (Minotaur Fighter)               Turns: 2110, Time: 00:02:56

Health: 0/50       AC:  9    Str: 21    XL:     5   Next: 92%
Magic:  4/4        EV:  7    Int:  7    God:    Okawaru [......]
Gold:   164        SH:  4    Dex:  9    Spells: 4/4 levels left

rFire   . . .        a - +0 war axe
rCold   . . .        c - +0 buckler
rNeg    . . .        d - +0 chain mail
rPois   .            (helmet restricted)
rElec   .            (no cloak)
rCorr   .            (no gloves)
SInv    .            (no boots)
Will    .....        (no amulet) Stlth
                     (no ring)
HPRegen 0.28/turn    (no ring)
MPRegen 0.09/turn

%: no passive effects
@: no status effects
A: horns 2, retaliatory headbutt
a: Renounce Religion


You were on level 4 of the Dungeon.
You worshipped Okawaru.
Okawaru was noncommittal.
You visited 1 branch of the dungeon, and saw 4 of its levels.

You collected 164 gold pieces.

Inventory:

Hand Weapons
 a - a +0 war axe (weapon)
Missiles
 m - 2 throwing nets (quivered)
Armour
 b - a +0 scale mail
 c - a +0 buckler (worn)
 d - a +0 chain mail (worn)
Jewellery
 j - a +5 ring of evasion
 u - a ring of fire
Scrolls
 f - 7 scrolls of teleportation {unknown}
 g - 2 scrolls of identify {unknown}
 k - a scroll of immolation {unknown}
 n - a scroll of fog {unknown}
 o - 2 scrolls of fear {unknown}
 q - a scroll of enchant weapon {unknown}
 r - 2 scrolls of vulnerability {unknown}
 t - a scroll of enchant armour {unknown}
Potions
 e - a potion of heal wounds {unknown}
 h - a potion of degeneration {unknown}
 i - a potion of mutation {unknown}
 l - 3 potions of magic {unknown}
 p - a potion of lignification {unknown}
 s - a potion of flight {unknown}


   Skills:
 - Level 6.0 Fighting
 + Level 5.8 Axes
 - Level 3.6 Armour
 - Level 3.6 Shields


You had 4 spell levels left.
You didn't know any spells.
Your spell library contained the following spells:

 Spells                   Type           Power      Damage    Failure   Level
 Shock                    Conj/Air       0%         1d3       99%         1
 Ensorcelled Hibernation  Hex/Ice        0%         N/A       99%         2
 Passwall                 Tmut/Erth      0%         N/A       99%         2
 Swiftness                Air            0%         N/A       100%        3
 Airstrike                Air            0%         2d(0-16)  100%        4


Dungeon Overview and Level Annotations

Branches:
Dungeon (4/15)
 Temple: D:4-7

Altars:
Dithmenos
Okawaru


Innate Abilities, Weirdness & Mutations

You have a pair of horns on your head.
You reflexively headbutt those who attack you in melee.


Message History

The sky beast hits you but does no damage.
You slash the sky beast!
The sky beast is moderately wounded.
The sky beast barely misses you. You block the sky beast's attack.
You slash the sky beast!
You headbutt the sky beast, but do no damage.
The sky beast is heavily wounded.
The sky beast flickers out of sight!
Deactivating autopickup; reactivate with Ctrl-A.
Something hits you but does no damage.
You miss something. Something hits you but does no damage.
You closely miss something. Something hits you but does no damage.
You barely miss something. Your headbutt misses something.
Something hits you but does no damage.
You miss something. Something hits you. Something shocks you.
Something hits you but does no damage.
You barely miss something. You headbutt something! Something hits you.
Something shocks you.
You miss something. You headbutt something!
Something hits you but does no damage.
You miss something. Your headbutt misses something.
Something hits you but does no damage. x2
You barely miss something. Something hits you. Something shocks you.
* * * LOW HITPOINT WARNING * * *
You barely miss something. Something hits you but does no damage.
You miss something. Something hits you but does no damage.
You barely miss something.
Something hits you but does no damage. x2
You closely miss something. Something hits you but does no damage.
You barely miss something. Something hits you.
* * * LOW HITPOINT WARNING * * *
Something shocks you.
* * * LOW HITPOINT WARNING * * *
You barely miss something. Something hits you but does no damage.
You hit something but do no damage. Your headbutt misses something.
Something hits you but does no damage.
You miss something. Your headbutt misses something.
Something hits you but does no damage. Something hits you.
* * * LOW HITPOINT WARNING * * *
Something shocks you.
You die...

..§.......# §§§......#
#<.......# #........#
........# #.......#
#.......# #{# #@# #.#
#######.################
.......................)
........################
#########


There were no monsters in sight!

Vanquished Creatures
  Sigmund (D:3)
  3 adders
  A dart slug (D:2)
  4 ball pythons
  4 bats
  3 endoplasms
  3 giant cockroaches
  9 goblins
  7 hobgoblins
  6 jackals
  9 kobolds
  5 quokkas
  A frilled lizard (D:2)
  6 rats
62 creatures vanquished.

Notes
Turn   | Place    | Note
-------+----------+-------------------------------------------
     0 | D:1      | erloom the Minotaur Fighter began the quest for the Orb.
     0 | D:1      | Reached XP level 1. HP: 19/19 MP: 0/0
   109 | D:1      | Reached skill level 4 in Fighting
   119 | D:1      | Reached XP level 2. HP: 18/28 MP: 1/1
   473 | D:1      | Reached skill level 5 in Fighting
   674 | D:2      | Reached XP level 3. HP: 31/36 MP: 2/2
  1246 | D:3      | Reached skill level 6 in Fighting
  1246 | D:3      | Reached XP level 4. HP: 44/44 MP: 3/3
  1439 | D:3      | Noticed Sigmund
  1446 | D:3      | Killed Sigmund
  1447 | D:3      | Reached skill level 5 in Axes
  1447 | D:3      | Reached XP level 5. HP: 26/50 MP: 4/4
  1758 | D:3      | Found an iron altar of Okawaru.
  1767 | D:3      | Became a worshipper of Warmaster Okawaru
  1893 | D:4      | Noticed a black bear
  2086 | D:4      | Noticed a sky beast
  2087 | D:4      | Found a shadowy altar of Dithmenos.
  2110 | D:4      | Slain by a sky beast

Illustrated notes

Levels and vault maps discovered:
D:1:      lemuel_arrival_tunnels, layout_basic, minmay_misc_feat_secret_circle
D:2:      layout_rooms, hangedman_decor_push
D:3:      layout_loops_ring, mainiacjoe_overflow_alcove_4, minmay_door_square,
          uniq_sigmund
D:4:      layout_basic, fedhas_altar_1, grunt_dithmenos_smoke,
          minmay_temple_entry_trees, uniq_duvessa

Skill      XL: |  1  2  3  4 |
---------------+-------------+-----
Fighting       | 4 5 6 |  6.0
Axes           | 5 |  5.8
Armour         | |  3.6
Shields        | |  3.6

Action                     |  1- 3 |  4- 6 || total
---------------------------+-------+-------++-------
  Melee: War axe           |    76 |    46 ||   122
         Headbutt          |    10 |     6 ||    16
    Use: Potion            |       |     1 ||     1
 Armour: Scale mail        |    41 |     5 ||    46
         Chain mail        |       |    22 ||    22
  Dodge: Dodged            |    39 |    10 ||    49
  Block: Buckler           |    18 |     6 ||    24

Table legend: (Time is in decaauts)
 A = Elapsed time spent in this place.
 B = Non-inter-level travel time spent in this place.
 C = Inter-level travel time spent in this place.
 D = Time resting spent in this place.
 E = Time spent auto-exploring this place.
 F = Levels seen in this place.
 G = Mean time per level.
                   A        B        C        D        E       F      G
               +--------+--------+--------+--------+--------+-----+--------+
         Total |   2154 |   2090 |     64 |    309 |   1317 |   4 |  538.5 |
       Dungeon |   2154 |   2090 |     64 |    309 |   1317 |   4 |  538.5 |
               +--------+--------+--------+--------+--------+-----+--------+

Top non-repeatable levels by time:
     D:3: 936 daAuts
     D:1: 676 daAuts
     D:2: 341 daAuts
     D:4: 200 daAuts
